AoeStats
← Sterlo White

Arabia

509063682Analyzed
1v1 RM · 6d ago on Sep 25, 2026· 34m 5s· 2 players
Game mode
Random Map
Map size
Tiny (2 player)
Population
200
Speed
Normal
Resources
Standard
Victory
Conquest
Starting age
Dark Age
Ending age
Imperial Age
RankedLock teamsTeams togetherTeam positionsShared explorationLock speedFull tech treeHidden civsTurbo modeCheats
Victory
Defeat
🇹🇷 Franks · Türkiye
1048
+49
🇰🇿 Khmer · Kazakhstan
1063
-17
Shamdan
8:17 Loom
10:02 Feudal Age
16:08 Castle Age
16:48 Double-Bit Axe
19:55 Pikeman
21:48 Scale Mail Armor
23:20 Forging
23:35 Squires
24:56 Scale Barding Armor
26:02 Wheelbarrow
25:52 Town Watch
27:33 Bow Saw
27:49 Chain Barding Armor
28:25 Iron Casting
28:47 Hand Cart
30:30 Husbandry
31:04 Chain Mail Armor
32:26 Gold Mining
32:38 Town Patrol
37:06 Imperial Age
Sterlo White
7:10 Loom
9:44 Feudal Age
19:30 Castle Age
19:29 Wheelbarrow
18:44 Double-Bit Axe
18:42 Horse Collar
19:39 Town Watch
20:11 Bloodlines
21:11 Husbandry
22:31 Light Cavalry
25:01 Bow Saw
25:29 Heavy Plow
25:44 Scale Barding Armor
25:50 Forging
27:23 Wheelbarrow
Connection lost

Rejoining the realm…

Still unreachable

The connection could not be restored.

Session expired

The server has moved on; the page needs a fresh start.